 Dungeon Crawl Stone Soup version 0.26-b1-32-g5d43845318 (webtiles) character file.

Game seed: 17397996232282394530

2835 Borgoz the Skirmisher (level 9, -11/79 HPs)
             Began as a Ghoul Gladiator on Jan 13, 2021.
             Was a Follower of Okawaru.
             Killed from afar by Maurice (21 damage)
             ... with a bolt of acid
             ... on level 8 of the Dungeon.
             The game lasted 00:12:10 (8458 turns).

Borgoz the Skirmisher (Ghoul Gladiator)             Turns: 8458, Time: 00:12:10

Health: -11/79     AC: 11    Str: 25    XL:     9   Next: 73%
Magic:  9/9        EV: 16    Int:  3    God:    Okawaru [*.....]
Gold:   98         SH:  0    Dex: 18    Spells: 8/8 levels left

rFire    . . .     SeeInvis .   b - +6 whip "Oneoclan" {freeze, rPois Will+}
rCold    + + .     Faith    .   (no shield)
rNeg     + + +     Spirit   .   f - +3 leather armour {rC+}
rPois    ∞         Reflect  .   c - +0 helmet
rElec    .         Harm     .   m - +1 cloak
rCorr    .         Rampage  .   (no gloves)
Will     +....                  n - +0 pair of boots
Stlth    +.........             k - amulet of the acrobat
HPRegen  0.00/turn              y - +6 ring of dexterity
MPRegen  0.11/turn              G - +6 ring of strength

@: no status effects
A: claws 1, cold resistance 1, negative energy resistance 3, inhibited
regeneration, torment resistance, unbreathing
a: Renounce Religion, Heroism


You were on level 8 of the Dungeon.
You worshipped Okawaru.
Okawaru was aware of your devotion.
You visited 2 branches of the dungeon, and saw 9 of its levels.
You also visited: Sewer.

You collected 403 gold pieces.
You spent 305 gold pieces at shops.

Inventory:

Hand Weapons
 a - a +1 dire flail
 b - the +6 whip "Oneoclan" (weapon) {freeze, rPois Will+}
   (You found it on level 7 of the Dungeon)

   It has been specially enchanted to freeze those struck by it, causing extra
   injury to most foes and up to half again as much damage against particularly
   susceptible opponents.
   It can also slow down cold-blooded creatures.
   It protects you from poison.
   It affects your willpower, your defense against some magical effects.
Missiles
 d - 3 throwing nets (quivered)
Armour
 c - a +0 helmet (worn)
 f - a +3 leather armour of cold resistance (worn)
 m - a +1 cloak (worn)
 n - a +0 pair of boots (worn)
 r - the +1 robe "Yghin" {rC++ rN++ Str-4}
   (You bought it in a shop on level 5 of the Dungeon)

   It affects your strength (-4).
   It greatly protects you from cold.
   It greatly protects you from negative energy.
Jewellery
 k - an amulet of the acrobat (around neck)
 y - a +6 ring of dexterity (left claw)
 D - an uncursed ring of see invisible
 G - a +6 ring of strength (right claw)
Wands
 o - a wand of acid (9)
 z - a wand of iceblast (14)
 A - a wand of disintegration (8)
Scrolls
 j - 5 scrolls of teleportation
 l - a scroll of fear
 p - 2 scrolls of remove curse
 s - 3 scrolls of blinking
 C - 3 scrolls of magic mapping
Potions
 e - 4 potions of brilliance
 g - 4 potions of curing
 h - 7 potions of flight
 i - a potion of resistance
 q - 3 potions of haste
 t - a potion of heal wounds
 w - a potion of attraction {unknown}
 x - 2 potions of might
 B - 2 potions of magic


   Skills:
 * Level 7.4 Fighting
 * Level 6.5 Maces & Flails
 - Level 1.7 Throwing
 * Level 5.8 Armour
 * Level 6.5 Dodging
 + Level 1.5 Invocations


You had 8 spell levels left.
You didn't know any spells.
Your spell library contained the following spells:

 Spells                   Type           Power        Failure   Level
 Magic Dart               Conj           0%           56%         1
 Blink                    Tloc           N/A          71%         2
 Call Imp                 Summ           0%           71%         2
 Slow                     Hex            0%           71%         2
 Conjure Flame            Conj/Fire      0%           90%         3
 Mephitic Cloud           Conj/Pois/Air  0%           90%         3


Dungeon Overview and Level Annotations

Branches:
Dungeon (8/15)             Temple (1/1) D:6           Sewer (visited)
   Lair: D:8-11

Altars:
Ashenzari
Cheibriados
Dithmenos
Elyvilon
Fedhas
Gozag
Hepliaklqana
Kikubaaqudgha
Makhleb
Nemelex Xobeh
Okawaru
Ru
Sif Muna
Trog
Uskayaw
Vehumet
Wu Jian
Xom
Yredelemnul
Zin
The Shining One
Beogh

Shops:
D:5 }!*[   D:8 !

Annotations:
D:7 2 transporters
D:8 Maurice


Innate Abilities, Weirdness & Mutations

You thrive by killing the living.
You are immune to poison.
You have sharp fingernails.
Your flesh is cold resistant. (rC+)
You are immune to negative energy. (rN+++)
You do not regenerate when monsters are visible.
You are immune to unholy pain and torment.
You can survive without breathing.


Message History

You now have 98 gold pieces.
You miss something. Something hits you but does no damage.
You hit something. You whack something! You freeze something.
Something barely misses you.
You hit something. Something hits you but does no damage.
You whack something! You hit something. You freeze something.
You are no longer corroded.
You closely miss something.
You hear a zap.
A bolt of acid appears from out of thin air!
The bolt of acid hits you!
* * * LOW HITPOINT WARNING * * *
You are splashed with acid!
* * * LOW HITPOINT WARNING * * *
You whack something! You freeze something.
You hear a zap.
A bolt of acid appears from out of thin air!
The bolt of acid hits you!!
You die...

########## .........# ###
.#######.# #.. #.....# #.###
### #.###.# #.#.#....
#.###.###.## #.....# ...
#....<.....###.....## ..
####.#.#.#.##......# ..
#.#.#...@{....#... #...#
##.#.###.####....# #.. .
#...#...## .#### .###..#
#...###.#### ##+# ......# #.
##.# ##...## #.. #.. #.#
##....!## #### ..# ##.#
##.......## ##.## #
#.###.####.........####....
#.##.......+.........'.......


There were no monsters in sight!

Vanquished Creatures
  Sigmund (D:2)
  Eustachio (D:5)
  Duvessa (D:5)
  A phantom (D:4)
  4 centaurs
  3 big kobolds (Sewer)
  A bullfrog (D:6)
  Dowan (D:5)
  2 scorpions
  A water moccasin skeleton (D:7)
  6 killer bees (D:8)
  9 wights
  2 howler monkeys
  4 crimson imps (D:5)
  A hound (D:5)
  3 orc priests
  2 orc wizards (D:7)
  A centaur skeleton (D:5)
  An iguana (D:5)
  Ijyb (D:5)
  3 worker ants
  A hound zombie (D:6)
  A hound skeleton (D:6)
  7 gnolls
  3 river rats (Sewer)
  13 adders
  A shadow imp (D:5)
  4 oozes
  An adder zombie (D:5)
  2 adder skeletons
  5 worms
  11 dart slugs
  6 leopard geckos
  9 orcs
  11 bats
  4 giant cockroaches
  9 goblins
  8 hobgoblins
  4 jackals (D:5)
  13 kobolds
  6 quokkas
  3 ball pythons
  6 frilled lizards
  2 jackal zombies
  8 rats
187 creatures vanquished.

Notes
Turn   | Place    | Note
-------+----------+-------------------------------------------
     0 | D:1      | Borgoz the Ghoul Gladiator began the quest for the Orb.
     0 | D:1      | Reached XP level 1. HP: 17/17 MP: 0/0
    80 | D:1      | Reached XP level 2. HP: 23/25 MP: 1/1
   290 | D:1      | Reached skill level 1 in Armour
   363 | D:1      | Reached XP level 3. HP: 29/30 MP: 2/2
  1126 | D:1      | Reached XP level 4. HP: 31/37 MP: 3/3
  1129 | D:1      | Reached skill level 3 in Fighting
  1421 | D:2      | Found a bloodstained altar of Trog.
  1624 | D:2      | Noticed Sigmund
  1637 | D:2      | Killed Sigmund
  1638 | D:2      | Reached XP level 5. HP: 44/46 MP: 4/4
  1638 | D:2      | Reached XP level 6. HP: 50/52 MP: 5/5
  2039 | D:2      | Reached skill level 4 in Fighting
  3495 | D:4      | Reached XP level 7. HP: 58/59 MP: 6/6
  4298 | D:5      | Entered Level 5 of the Dungeon
  4298 | D:5      | Found Ymial's Antique Armour Shop.
  4298 | D:5      | Noticed Eustachio
  4323 | D:5      | Killed Eustachio
  4347 | D:5      | Reached skill level 5 in Fighting
  4398 | D:5      | Noticed Duvessa
  4401 | D:5      | Noticed Dowan
  4406 | D:5      | Killed Duvessa
  4407 | D:5      | Reached XP level 8. HP: 44/68 MP: 7/7
  4412 | D:5      | Killed Dowan
  4439 | D:4      | Reached skill level 5 in Dodging
  4748 | D:4      | Reached skill level 5 in Maces & Flails
  4889 | D:5      | Bought a bloodstained robe for 131 gold pieces
  4899 | D:5      | Identified the +1 robe "Yghin" {rC++ rN++ Str-4} (You
                  | bought it in a shop on level 5 of the Dungeon)
  4931 | D:5      | Found a blossoming altar of Fedhas.
  4942 | D:5      | Found Ziuqit's Gadget Boutique.
  5031 | D:5      | Found Uddeh's Distillery.
  5038 | D:5      | Bought a potion of heal wounds for 55 gold pieces
  5038 | D:5      | Bought a potion of might for 44 gold pieces
  5066 | D:5      | HP: 1/70 [centaur (8)]
  5068 | D:5      | Reached skill level 6 in Fighting
  5417 | D:5      | Found a shimmering altar of Xom.
  5460 | D:5      | Noticed Ijyb
  5468 | D:5      | Killed Ijyb
  5858 | D:5      | Reached XP level 9. HP: 77/77 MP: 8/8
  6015 | D:5      | Found Duonyics's Assorted Antiques.
  6134 | D:6      | Found a glowing drain.
  6157 | D:6      | Found a blossoming altar of Fedhas.
  6160 | D:6      | Found a hide-covered altar of Uskayaw.
  6182 | Sewer    | Entered a sewer
  6243 | Sewer    | Reached skill level 5 in Armour
  6709 | D:6      | Found a staircase to the Ecumenical Temple.
  6797 | Temple   | Entered the Ecumenical Temple
  6900 | Temple   | Became a worshipper of Warmaster Okawaru
  7396 | D:7      | Reached skill level 7 in Fighting
  7499 | D:7      | Reached skill level 1 in Invocations
  7667 | D:7      | Found a roughly hewn altar of Beogh.
  7667 | D:7      | Found a transporter.
  7866 | D:7      | Got a blackened whip
  7867 | D:7      | Identified the +6 whip "Oneoclan" {freeze, rPois Will+}
                  | (You found it on level 7 of the Dungeon)
  8042 | D:7      | Found a transporter.
  8210 | D:8      | Reached * piety under Okawaru
  8397 | D:8      | Found Huetanocs's Distillery.
  8405 | D:8      | Bought a potion of heal wounds for 75 gold pieces
  8432 | D:8      | Noticed Maurice
  8458 | D:8      | Killed from afar by Maurice

Illustrated notes

Levels and vault maps discovered:
D:1:      minmay_arrival_doors, layout_basic, minmay_tromino_i2
D:2:      layout_basic, chequers_serial_rivers_large_a, trog_butcher_becter,
          uniq_sigmund
D:3:      layout_loops_ring, amcnicky_mini_corridor_feature
D:4:      kennysheep_slugbush, layout_loops_corners, minmay_ruptured
D:5:      layout_gridville, led_xom_imps, serial_shops, kennysheep_little_box,
          nicolae_shop_window_shopping, nicolae_shop_behind_doors, shop,
          fedhas_bush_and_centaur_altar, uniq_duvessa, uniq_eustachio, uniq_ijyb
D:6:      layout_basic, minitemple, minmay_temple_entry_large_hall,
          cheibrodos_sewer_entry_drain
D:7:      gammafunk_beogh_shrine, layout_loops_corners,
          hangedman_abyss_or_decor_lesser_grid
D:8:      layout_loops_corners, serial_shops, shop, uniq_erica, uniq_maurice,
          uniq_maggie
Temple:   compressed_dpeg_circular_temple

Skill      XL: |  1  2  3  4  5  6  7  8  9 |
---------------+----------------------------+-----
Armour         | 1 2 3 4 5 |  5.8
Maces & Flails | 3 4 5 6 |  6.5
Dodging        | 3 4 5 6 |  6.5
Fighting       | 3 4 5 6 7 |  7.4
Invocations    | 1 |  1.5
Throwing       | |  1.7

Action                   |  1- 3 |  4- 6 |  7- 9 || total
-------------------------+-------+-------+-------++-------
Melee: Flail             |   114 |   193 |    55 ||   362
       Dire flail        |       |       |   323 ||   323
       Whip              |       |       |    57 ||    57
Throw: Throwing net      |       |     2 |     3 ||     5
  Use: Scroll            |       |    12 |    10 ||    22
       Potion            |       |       |     4 ||     4
 Stab: Held in net/web   |       |     1 |     1 ||     2
       Sleeping          |       |       |     1 ||     1
Armor: Leather armour    |    64 |    52 |   115 ||   231
       Skin              |       |       |    14 ||    14
Dodge: Dodged            |   147 |   125 |   384 ||   656
